 Dungeon Crawl Stone Soup version 0.21.1-35-gfefc1aa2bb (webtiles) character file.

3702 Ratryday the Spear-Bearer (level 9, -2/121 HPs)
             Began as a Red Draconian Berserker on July 30, 2018.
             Was a Priest of Trog.
             Slain by a hornet (15 damage)
             ... on level 8 of the Dungeon on Aug 1, 2018.
             The game lasted 01:28:35 (8157 turns).

Ratryday the Spear-Bearer (Red Draconian Berserker) Turns: 8157, Time: 01:28:39

Health: -2/121     AC:  7    Str: 26    XL:     9   Next: 91%
Magic:  9/9        EV: 16    Int:  7    God:    Trog [***...]
Gold:   394        SH:  0    Dex: 13    Spells: 8/8 levels left

rFire    + + .     SeeInvis .   a - +1 spear
rCold    + . .     Gourm    .   (no shield)
rNeg     . . .     Faith    .   (armour unavailable)
rPois    +         Spirit   .   (helmet restricted)
rElec    +         Reflect  .   (no cloak)
rCorr    +         Harm     .   (no gloves)
MR       ++...                  (no boots)
Stlth    ..........             (no amulet)
HPRegen  1.30/turn              (no ring)
MPRegen  0.11/turn              (no ring)

@: berserking, short of breath, resistant, regenerating, slowed
A: breathe fire, unfitting armour, fire resistance 1, cold-blooded, AC +7
a: Breathe Fire, Berserk, Trog's Hand, Burn Spellbooks, Renounce Religion


You were on level 8 of the Dungeon.
You worshipped Trog.
Trog was most pleased with you.
You were not hungry.

You visited 1 branch of the dungeon, and saw 8 of its levels.

You collected 394 gold pieces.

Inventory:

Hand Weapons
 a - a +1 spear (weapon)
 t - a +0 shortbow
Missiles
 s - 53 arrows
Wands
 d - a wand of polymorph (13)
 j - a wand of flame (35)
Scrolls
 e - 2 scrolls of remove curse
 l - 2 scrolls of teleportation
 o - a scroll of enchant armour
 q - 5 scrolls of identify
Potions
 c - 2 potions of heal wounds
 g - a potion of magic
 h - 4 potions of lignification
 i - a potion of might
 m - a potion of ambrosia
 p - a potion of haste
 r - 2 potions of degeneration
 u - a potion of agility
Comestibles
 b - 10 rations
 k - a chunk of flesh


   Skills:
 + Level 7.8 Fighting
 + Level 10.3 Polearms
 * Level 7.3 Dodging
 - Level 2.5 Stealth


You had 8 spell levels left.
You didn't know any spells.

Dungeon Overview and Level Annotations

Branches:
Dungeon (8/15)             Temple (0/1) D:5
   Lair: D:8-11

Altars:
Ashenzari
Fedhas
Kikubaaqudgha
Nemelex Xobeh
Qazlal
Sif Muna
Xom
Yredelemnul
Zin
The Shining One

Shops:
D:7 *


Innate Abilities, Weirdness & Mutations

You can breathe blasts of fire.
Your fiery red scales are hard. (AC +7)
You cannot fit into any form of body armour.
Your flesh is heat resistant. (rF+)
You are cold-blooded and may be slowed by cold attacks.


Message History

* * * LOW HITPOINT WARNING * * *
You are lethally poisoned!
You feel as though you will be slow longer.
You feel better.
You feel the effects of Trog's Hand fading.
The hornet closely misses you. The hornet misses you.
The hornet barely misses you.
You feel protected. The hornet closely misses you. The hornet stings you!
* * * LOW HITPOINT WARNING * * *
You hit the hornet.
Your tail-slap misses the hornet.
The hornet is almost dead.
The hornet misses you.
A red film seems to cover your vision as you go berserk!
You feel yourself moving faster!
You feel mighty!
You feel quite a bit more hungry. The hornet barely misses you.
The hornet stings you.
* * * LOW HITPOINT WARNING * * *
The hornet stings you!
You die...

#.#......>..# #.
#.###..####.### #.
#.............. #.
#.###.#<....### #.##
#.#.........# #...
#.#.#.......###
#..####.#.#######....
#.......#.# #.###
##..@.#.#.#######.###
###y..>.............
#.......#..######.###
#.##..#.#..#### #.#
#.$...###..#....#.###
...... ............
#.##..## ....##.#....
#. #..# ............
............


You could see a hornet.

Vanquished Creatures
  The ghost of motoroller71 the Ducker, a novice GnGl of Makhleb (D:7)
  Pikel (D:7)
  The ghost of Torako the Carver, a novice MiMo of Ashenzari (D:4)
  The ghost of Orcmeat the Grave Robber, a novice DsNe (D:5)
  Prince Ribbit (D:7)
  Sigmund (D:6)
  Eustachio (D:6)
  Duvessa (D:7)
  A sky beast (D:6)
  2 slaves (D:7)
  A black bear (D:8)
  2 centaurs (D:7)
  An ogre (D:5)
  Blork the orc (D:6)
  2 bullfrogs
  Dowan (D:7)
  3 scorpions
  3 wights
  2 howler monkeys (D:6)
  3 crimson imps (D:6)
  2 hounds
  A bullfrog skeleton (D:5)
  An orc priest (D:7)
  3 worker ants
  A killer bee zombie (D:8)
  A hound zombie (D:7)
  6 adders
  2 adder skeletons
  5 worms
  2 dart slugs
  3 leopard geckos
  24 orcs
  10 bats
  6 giant cockroaches
  5 goblins
  8 hobgoblins
  10 jackals
  5 kobolds
  3 quokkas (D:2)
  2 ball pythons
  A frilled lizard (D:2)
  A leopard gecko skeleton (D:6)
  7 rats
  A withered plant (D:7)
140 creatures vanquished.

Vanquished Creatures (others)
  A centaur skeleton (D:7)
  A withered plant (D:7)
2 creatures vanquished.

Grand Total: 142 creatures vanquished

Notes
Turn   | Place    | Note
-------+----------+-------------------------------------------
     0 | D:1      | Ratryday the Draconian Berserker began the quest for the Orb.
     0 | D:1      | Reached XP level 1. HP: 19/19 MP: 1/1
   233 | D:1      | Reached XP level 2. HP: 9/26 MP: 2/2
   637 | D:1      | Upgraded the game from 0.21.1-1-g345015fe64 to 0.21.1-35-gfefc1aa2bb
   855 | D:1      | Reached ** piety under Trog
  1247 | D:1      | You fall through a shaft!
  1292 | D:2      | Reached XP level 3. HP: 15/33 MP: 3/3
  1730 | D:2      | Found a blossoming altar of Fedhas.
  1755 | D:2      | Found a stormy altar of Qazlal.
  1854 | D:2      | Found a glowing golden altar of the Shining One.
  1918 | D:2      | Found a deep blue altar of Sif Muna.
  2497 | D:3      | Found a shimmering altar of Xom.
  2505 | D:3      | Reached skill level 1 in Stealth
  2505 | D:3      | Reached XP level 4. HP: 31/40 MP: 4/4
  2857 | D:3      | Found a sparkling altar of Nemelex Xobeh.
  3240 | D:4      | Reached skill level 4 in Polearms
  3333 | D:4      | Reached *** piety under Trog
  3617 | D:4      | Reached XP level 5. HP: 45/46 MP: 5/5
  3622 | D:4      | Noticed Torako's ghost (novice MiMo)
  3640 | D:4      | Killed Torako's ghost
  3640 | D:4      | Reached skill level 5 in Polearms
  3640 | D:4      | Reached XP level 6. HP: 53/53 MP: 6/6
  3752 | D:5      | Entered Level 5 of the Dungeon
  3796 | D:5      | Noticed Orcmeat's ghost (novice DsNe)
  3810 | D:5      | Killed Orcmeat's ghost
  3810 | D:5      | Reached skill level 5 in Fighting
  3810 | D:5      | Reached skill level 6 in Polearms
  3810 | D:5      | Your scales start taking on a fiery red colour.
  3810 | D:5      | Reached XP level 7. HP: 61/61 MP: 7/7
  3810 | D:5      | Gained mutation: Your flesh is heat resistant. (rF+) [Red Draconian growth]
  3948 | D:5      | Found a shattered altar of Ashenzari.
  4026 | D:5      | Reached skill level 7 in Polearms
  4127 | D:5      | Found a staircase to the Ecumenical Temple.
  4181 | D:5      | Found a glowing silver altar of Zin.
  4181 | D:5      | Noticed an angel
  4966 | D:6      | Reached XP level 8. HP: 69/69 MP: 8/8
  4994 | D:6      | Reached skill level 5 in Dodging
  5035 | D:6      | Noticed Sigmund
  5045 | D:6      | Killed Sigmund
  5137 | D:6      | Noticed Blork the orc
  5163 | D:6      | Killed Blork the orc
  5508 | D:6      | Noticed Eustachio
  5535 | D:6      | Killed Eustachio
  5535 | D:6      | Reached skill level 8 in Polearms
  6225 | D:6      | Found a basalt altar of Yredelemnul.
  6603 | D:7      | Noticed Prince Ribbit
  6643 | D:7      | Killed Prince Ribbit
  6643 | D:7      | Reached skill level 9 in Polearms
  6643 | D:7      | Reached XP level 9. HP: 78/78 MP: 9/9
  6700 | D:7      | Noticed Pikel
  6713 | D:7      | Killed Pikel
  6714 | D:7      | Found an ancient bone altar of Kikubaaqudgha.
  6834 | D:7      | Found Xogip's General Store.
  6982 | D:7      | Noticed Dowan
  6986 | D:7      | Noticed Duvessa
  6993 | D:7      | Killed Duvessa
  6999 | D:7      | Killed Dowan
  7017 | D:7      | Noticed motoroller71's ghost (novice GnGl)
  7026 | D:7      | Reached **** piety under Trog
  7466 | D:7      | Killed motoroller71's ghost
  7466 | D:7      | Reached skill level 10 in Polearms
  8144 | D:8      | Paralysed by a hornet for 1 turns
  8157 | D:8      | Slain by a hornet

Skill      XL: |  1  2  3  4  5  6  7  8  9 |
---------------+----------------------------+-----
Dodging        | 3 4 5 7 |  7.3
Stealth        | 1 2 |  2.5
Fighting       | 4 5 6 7 |  7.8
Polearms       | 4 5 6 7 9 10 | 10.3

Action                   |  1- 3 |  4- 6 |  7- 9 || total
-------------------------+-------+-------+-------++-------
Melee: Spear             |   180 |   121 |   468 ||   769
       Tailslap          |    19 |    21 |    75 ||   115
Invok: Berserk           |       |     3 |     9 ||    12
       Burn Spellbooks   |       |     1 |       ||     1
       Trog's Hand       |       |       |     1 ||     1
 Abil: Breathe Fire      |       |       |     5 ||     5
  Use: Scroll            |     4 |     3 |     8 ||    15
       Potion            |       |       |    15 ||    15
 Stab: Sleeping          |     1 |       |     2 ||     3
  Eat: Chunk             |     5 |     6 |    11 ||    22
       Ration            |       |       |     4 ||     4
Armor: Skin              |    48 |    22 |    70 ||   140
Dodge: Dodged            |   112 |    60 |   201 ||   373
